 Dungeon Crawl Stone Soup version 0.19-a0-1042-g77c37a1 (webtiles) character file.

31671 stupendous the Fencer (level 13, -1/96 HPs)
             Began as a Formicid Fighter on July 30, 2016.
             Was a High Priest of Okawaru.
             Killed by divine providence
             ... invoked by an orc priest
              (11 damage)
             ... on level 2 of the Orcish Mines.
             The game lasted 00:54:07 (18618 turns).

stupendous the Fencer (Formicid Fighter)           Turns: 18618, Time: 00:54:07

Health: -1/96      AC: 25    Str: 24    XL:     13   Next: 98%
Magic:  13/13      EV:  5    Int:  6    God:    Okawaru [*****.]
Gold:   1070       SH: 12    Dex: 14    Spells: 0 memorised, 12 levels left

rFire  + . .     SeeInvis +     M - +2 great sword (holy)
rCold  + . .     Gourm    .     K - +2 gold dragon armour
rNeg   + . .     Faith    .     c - +1 shield
rPois  +         Spirit   .     (helmet unavailable)
rElec  .         Dismiss  .     s - +0 cloak
rCorr  .         Reflect  .     z - +0 pair of gloves
SustAt .         Harm     .     i - +0 pair of boots
MR     +....                    (no amulet)
Stlth  ..........               n - +2 ring of dexterity
                                o - ring of positive energy

@: somewhat resistant to hostile enchantments, extremely unstealthy
A: permanent stasis, dig shafts and tunnels, four strong arms, antennae 3, dopey
1
a: Dig, Shaft Self, Heroism, Finesse, Renounce Religion


You were on level 2 of the Orcish Mines.
You worshipped Okawaru.
Okawaru was extremely pleased with you.
You were not hungry.

You visited 3 branches of the dungeon, and saw 17 of its levels.
You visited the Abyss 2 times.

You collected 1372 gold pieces.
You spent 302 gold pieces at shops.

Inventory:

Hand Weapons
 M - a +2 great sword of holy wrath (weapon)
 P - a +4 scimitar of flaming
 T - the +7 arbalest "Ykynt" {velocity, rC+ MR- Int+4 Dex+2, unknown}
   (Okawaru gifted it to you on level 13 of the Dungeon)

   Any bolt fired from it inflicts extra damage.
   It affects your intelligence (+4).
   It affects your dexterity (+2).
   It protects you from cold.
   It affects your resistance to hostile enchantments.
Armour
 b - a +0 scale mail
 c - a +1 shield (worn)
 i - a +0 pair of boots (worn)
 s - a +0 cloak (worn)
 z - a +0 pair of gloves (worn)
 K - a +2 gold dragon armour (worn)
Jewellery
 n - a +2 ring of dexterity (right hand)
 o - a ring of positive energy (left hand)
 q - an uncursed ring of ice
Wands
 v - a wand of confusion (25/48)
 D - a wand of lightning (5/15)
 I - a wand of iceblast (11/15)
Scrolls
 a - a scroll of fear
 e - 6 scrolls of remove curse
 l - 4 scrolls of enchant armour
 t - a scroll of identify
 y - 2 scrolls of immolation {unknown}
 A - a scroll of vulnerability {unknown}
 H - a scroll of recharging
 N - 2 scrolls of enchant weapon
Potions
 d - 3 potions of might
 j - 5 potions of agility
 k - 3 potions of resistance
 r - 4 potions of lignification
 u - 2 potions of flight
 w - 3 potions of invisibility
 x - a potion of curing
 C - 5 potions of mutation
 O - a potion of brilliance
 R - 3 potions of cure mutation
Books
 m - an Akashic Record

   Spells                             Type                      Level
   a - Dispersal                      Translocation                6
   b - Malign Gateway                 Summoning/Translocation      7
   c - Disjunction                    Translocation                8
   d - Controlled Blink               Translocation                8
Comestibles
 f - 10 bread rations
 g - 4 slices of pizza
 h - 10 meat rations
 p - 2 fruits
 B - 3 chunks of flesh
 L - a beef jerky


   Skills:
 - Level 7.5 Fighting
 - Level 16.8 Long Blades
 + Level 13.1 Armour
 - Level 7.2 Shields


You had 12 spell levels left.
You didn't know any spells.

Dungeon Overview and Level Annotations

Branches:
Dungeon (14/15)            Temple (1/1) D:7            Lair (0/6) D:9
    Orc (2/2) D:11            Elf (0/3) Orc:2
 Vaults: D:13-14

Altars:
Ashenzari
Cheibriados
Dithmenos
Elyvilon
Fedhas
Gozag
Hepliaklqana
Kikubaaqudgha
Makhleb
Nemelex Xobeh
Okawaru
Pakellas
Qazlal
Ru
Sif Muna
Trog
Uskayaw
Vehumet
Xom
Yredelemnul
Zin
The Shining One
Beogh

Shops:
D:4 [   D:6 (   D:8 }   D:10 !

Annotations:
D:10 1 runed door
D:11 Sonja


Innate Abilities, Weirdness & Mutations

You are under a permanent stasis effect.
You can dig through walls and to a lower floor.
Your four strong arms can wield two-handed weapons with a shield.
You have a pair of large antennae on your head. (SInv)
You are dopey. (Int -2)


Message History

The orc wizard is almost dead.
The orc wizard hits you but does no damage.
Your gold dragon armour prevents you from hitting the orc wizard.
The orc wizard is almost dead.
The orc wizard barely misses you.
You slash the orc wizard!
You kill the orc wizard!
Okawaru accepts your kill.
You slash the orc priest!
The orc priest is severely wounded.
The orc priest calls down the wrath of Beogh upon you.
Beogh smites you!
* * * LOW HITPOINT WARNING * * *
You completely miss the orc priest.
The orc priest is severely wounded.
You closely miss the orc priest.
The orc priest is severely wounded.
The orc priest invokes the aid of Beogh against you.
Beogh smites you!
You die...

..................###......##
.....#.#.#.#..............####
..........##....#.#........#.#
######.....##.######.#.......##.
##.....#### ##........... {
##...###)## ###.........
#..#.#.#{## ##........
#o.##.###o# ##........
#..#####@## ##.##...... {#)o#
#.## #.......... {{#oo# ###
##......... { {...# ###.........
{ o..# #.#......... {{...#
####.......#.. {o#..#
##.#........#.. .o#..#
..........###. #..........#..


You could see an orc priest.

Vanquished Creatures
  2 ghouls (D:13)
  A hydra (D:13)
  A centaur warrior (D:13)
  5 skeletal warriors (D:13)
  An unseen horror (D:11)
  8 hill giants
  2 orc knights
  A deep elf mage (D:12)
  2 manticores (D:13)
  2 cyclopes
  4 centaur zombies (D:13)
  A smoke demon (Abyss:2)
  4 orange demons (D:13)
  3 gargoyles
  A komodo dragon (D:10)
  An efreet (D:13)
  2 kobold demonologists (D:12)
  2 trolls
  A merfolk (D:10)
  3 two-headed ogres
  A vampire (D:12)
  A hill giant zombie (D:11)
  3 wyverns
  A spriggan (D:10)
  A wraith (D:13)
  10 yaks
  4 hippogriffs
  A human (D:10)
  4 hungry ghosts
  Grum (D:11)
  2 wargs
  Duvessa (D:5)
  A water moccasin (D:10)
  16 orc warriors
  An ice beast (D:9)
  A black bear (D:7)
  A necrophage (D:7)
  A wasp (D:12)
  2 sky beasts
  3 wolves (D:11)
  2 phantoms
  9 centaurs
  4 ogres
  2 big kobolds
  Dowan (D:5)
  10 giant frogs
  A troll zombie (D:11)
  7 scorpions
  6 killer bees (D:10)
  18 wights
  9 howler monkeys
  A giant frog zombie (D:6)
  3 jellies
  4 hounds
  12 orc priests
  A gnoll shaman (D:8)
  20 orc wizards
  A centaur skeleton (D:8)
  A giant frog skeleton (D:5)
  Jessica (D:1)
  Ijyb (D:1)
  2 small abominations
  11 worker ants
  2 iguanas
  3 sheep (D:12)
  6 ogre zombies (D:11)
  3 worker ant zombies
  Robin (D:3)
  6 gnolls
  21 adders
  A river rat (D:9)
  4 shadow imps
  An ufetubus (Abyss:2)
  An ooze (D:4)
  An adder zombie (D:5)
  2 adder skeletons
  5 worms
  7 giant geckos
  47 orcs
  2 ball pythons
  20 bats
  6 giant cockroaches
  19 goblins
  13 hobgoblins
  23 jackals
  7 quokkas
  A giant gecko skeleton (D:5)
  4 giant newts
  3 goblin skeletons (D:11)
  2 goblin zombies (D:11)
  A hobgoblin skeleton (D:11)
  2 hobgoblin zombies (D:11)
  A jackal zombie (D:6)
  16 kobolds
  3 orc skeletons (D:11)
  14 orc zombies (D:11)
  A quokka skeleton (D:7)
  20 rats
499 creatures vanquished.

Vanquished Creatures (others)
  5 fungi (D:9)
  A plant (D:9)
  A withered plant (D:13)
7 creatures vanquished.

Grand Total: 506 creatures vanquished

Notes
Turn   | Place    | Note
-------+----------+-------------------------------------------
     0 | D:1      | stupendous the Formicid Fighter began the quest for the Orb.
     0 | D:1      | Reached XP level 1. HP: 18/18 MP: 1/1
   182 | D:1      | Reached XP level 2. HP: 21/24 MP: 2/2
   488 | D:1      | Reached XP level 3. HP: 29/29 MP: 3/3
  1102 | D:2      | Reached XP level 4. HP: 29/36 MP: 4/4
  1603 | D:2      | Noticed Jessica
  1604 | D:2      | Noticed Ijyb
  1656 | D:1      | Killed Ijyb
  1656 | D:1      | Reached skill level 3 in Long Blades
  1656 | D:1      | Reached XP level 5. HP: 23/42 MP: 5/5
  1661 | D:1      | Killed Jessica
  1941 | D:2      | Reached XP level 6. HP: 38/48 MP: 6/6
  2006 | D:2      | Reached skill level 5 in Shields
  2055 | D:2      | Noticed Robin
  2062 | D:2      | You fall through a shaft for 2 floors!
  2808 | D:3      | Killed Robin
  3494 | D:4      | Found Doesk's Armour Boutique.
  3539 | D:4      | Reached skill level 5 in Armour
  3554 | D:4      | Reached XP level 7. HP: 47/55 MP: 7/7
  3564 | D:4      | Reached skill level 4 in Long Blades
  4090 | D:5      | Entered Level 5 of the Dungeon
  4090 | D:5      | Found a hazy altar of Hepliaklqana.
  4090 | D:5      | Noticed Dowan
  4092 | D:5      | Noticed Duvessa
  4231 | D:5      | Killed Duvessa
  4231 | D:5      | Reached skill level 5 in Fighting
  4254 | D:5      | Killed Dowan
  4522 | D:5      | Reached XP level 8. HP: 50/62 MP: 8/8
  5105 | D:6      | Reached skill level 5 in Long Blades
  5624 | D:6      | Found Epist's Antique Weapon Emporium.
  5629 | D:6      | Bought a runed great sword for 182 gold pieces
  6011 | D:7      | Reached skill level 6 in Long Blades
  6047 | D:7      | Found a staircase to the Ecumenical Temple.
  6058 | Temple   | Entered the Ecumenical Temple
  6393 | D:7      | Found an iron altar of Okawaru.
  6409 | D:7      | Became a worshipper of Warmaster Okawaru
  6633 | D:7      | Reached skill level 7 in Long Blades
  6633 | D:7      | Reached XP level 9. HP: 58/70 MP: 9/9
  6777 | D:7      | Found a bloodstained altar of Trog.
  6840 | D:7      | Reached * piety under Okawaru
  6840 | D:7      | Reached skill level 8 in Long Blades
  7190 | D:7      | Reached skill level 9 in Long Blades
  7612 | D:8      | Reached skill level 10 in Long Blades
  8013 | D:8      | Found Pustinum's Gadget Emporium.
  8149 | D:8      | Noticed a hill giant
  8161 | D:8      | HP: 1/70 [hill giant/giant club (17)]
  8162 | D:8      | Killed a hill giant
  8162 | D:8      | Reached ** piety under Okawaru
  8162 | D:8      | Reached skill level 11 in Long Blades
  8162 | D:8      | Reached XP level 10. HP: 1/76 MP: 7/10
  9171 | D:9      | Noticed a gargoyle
  9286 | D:9      | Killed a gargoyle
  9286 | D:9      | Reached skill level 12 in Long Blades
 10045 | D:9      | Reached *** piety under Okawaru
 10185 | D:9      | Found a glowing golden altar of the Shining One.
 10382 | D:9      | Identified Tofilyq's Tome of Creation and the Glacier
 10571 | D:9      | Found a staircase to the Lair.
 10611 | D:9      | Found a sparkling altar of Nemelex Xobeh.
 10612 | D:9      | Found a radiant altar of Vehumet.
 10724 | D:10     | Entered Level 10 of the Dungeon
 10874 | D:10     | Found a runed door.
 10874 | D:10     | Noticed an ogre mage
 10874 | D:10     | Noticed a phantasmal warrior
 10874 | D:10     | Noticed a stone giant
 10876 | D:10     | Noticed an ettin
 10876 | D:10     | Noticed a great orb of eyes
 10876 | D:10     | Noticed a deep elf knight
 10876 | D:10     | Noticed an ice dragon
 10928 | D:10     | Reached skill level 13 in Long Blades
 10973 | D:10     | Reached XP level 11. HP: 72/82 MP: 11/11
 10984 | D:10     | Reached **** piety under Okawaru
 11091 | D:10     | Found Nocven's Distillery.
 11098 | D:10     | Bought a potion of curing for 45 gold pieces
 11098 | D:10     | Bought a potion of heal wounds for 75 gold pieces
 11195 | D:10     | Reached skill level 14 in Long Blades
 12015 | D:10     | Noticed a hill giant
 12021 | D:10     | Killed a hill giant
 12021 | D:10     | Reached ***** piety under Okawaru
 12358 | D:11     | Noticed a hill giant
 12372 | D:11     | Killed a hill giant
 12634 | D:11     | Noticed Sonja
 12647 | D:11     | Reached skill level 15 in Long Blades
 12659 | D:11     | Cast into level 2 of the Abyss (Sonja)
 12722 | Abyss:2  | Found a corrupted altar of Lugonu.
 12728 | Abyss:2  | Received a gift from Okawaru
 12735 | Abyss:2  | Noticed a worldbinder
 12746 | Abyss:2  | Noticed a giant orange brain
 12783 | D:11     | Escaped the Abyss
 12787 | D:11     | You fall through a shaft for 3 floors!
 12802 | D:13     | Noticed a hill giant
 12817 | D:12     | Noticed a deep elf mage
 13148 | D:12     | Killed a deep elf mage
 13362 | D:12     | Noticed a cyclops
 13381 | D:12     | Killed a cyclops
 13640 | D:12     | Gained mutation: You are dopey. (Int -2) [a neqoxec]
 13647 | D:12     | Reached XP level 12. HP: 89/89 MP: 12/12
 14073 | D:12     | Reached skill level 16 in Long Blades
 14203 | D:11     | Found a radiant altar of Vehumet.
 14226 | D:11     | Noticed Grum
 14242 | D:11     | Killed Grum
 14868 | D:11     | Found a staircase to the Orcish Mines.
 15042 | D:11     | Noticed an unseen horror
 15071 | D:11     | Killed an unseen horror
 15299 | D:11     | Cast into level 2 of the Abyss (Sonja)
 15340 | Abyss:2  | Noticed a white draconian annihilator
 15365 | D:11     | Escaped the Abyss
 15760 | D:13     | Noticed a ghoul
 15770 | D:13     | Killed a ghoul
 16099 | D:13     | Noticed a skeletal warrior
 16113 | D:13     | Killed a skeletal warrior
 16205 | D:13     | Received a gift from Okawaru
 16415 | D:13     | Noticed a ghoul
 16420 | D:13     | Reached XP level 13. HP: 84/96 MP: 13/13
 16433 | D:13     | Killed a ghoul
 16949 | D:13     | Reached skill level 10 in Armour
 17157 | D:13     | Noticed a six-headed hydra
 17177 | D:13     | Killed a two-headed hydra
 17500 | D:13     | Received a gift from Okawaru
 17528 | D:13     | Got a polished arbalest {god gift}
 17688 | D:13     | Noticed a centaur warrior
 17695 | D:13     | Killed a centaur warrior
 17784 | Orc:1    | Entered Level 1 of the Orcish Mines
 17957 | Orc:1    | Found a roughly hewn altar of Beogh.
 18350 | Orc:2    | Entered Level 2 of the Orcish Mines
 18350 | Orc:2    | Found a staircase to the Elven Halls.
 18618 | Orc:2    | Killed from afar by an orc priest

Vault maps used:
D:1:      dpeg_arrival_snail, minmay_misc_feat_pillars
D:2:      minmay_diamond_boxcup, uniq_robin, uniq_iyjb, uniq_jessica
D:3:      roderic_whirl, st_stairs_10
D:4:      serial_shops, shop, first_bread
D:5:      nicolae_overflow_hidden_temple, uniq_duvessa
D:6:      serial_shops, nicolae_shop_crystal, sigmund_army
D:7:      marbit_many_paths, kennysheep_mini_moat
D:8:      hangedman_cross_stitches, serial_shops, shop_statue
D:9:      tso_altar, gammafunk_temple_overflow_statue,
          grunt_lair_entry_orc_guard_hut
D:10:     minmay_gate_of_8, serial_shops, shop, hangedman_stone_soup
D:11:     zombieorc2_lemuel, basic_altar, serial_bayou_lagoon_b, uniq_grum,
          uniq_sonja
D:13:     serial_undead, serial_undead_e, serial_undead_d, serial_undead_f,
          serial_undead_c, einodemon_barbed_minivault
D:14:     david_vaults_5, kennysheep_nub
Temple:   eino_temple_rhombus
Orc:1:    basic_altar
Orc:2:    st_orc_mages, nooodl_orcs_dogs

Skill      XL: |  1  2  3  4  5  6  7  8  9 10 11 12 13 |
---------------+----------------------------------------+-----
Shields        | 4 5 6 7 |  7.2
Armour         | 4 5 6 7 13 | 13.1
Long Blades    | 3 4 7 11 13 15 16 | 16.8
Fighting       | 4 5 6 7 |  7.5

Action                   |  1- 3 |  4- 6 |  7- 9 | 10-12 | 13-15 || total
-------------------------+-------+-------+-------+-------+-------++-------
Melee: Long sword        |   110 |   322 |   203 |       |       ||   635
       Great sword       |       |       |   209 |   812 |   396 ||  1417
       Scimitar          |       |       |       |       |     7 ||     7
Invok: Heroism           |       |       |     2 |     1 |     2 ||     5
 Abil: Dig               |       |     2 |       |     2 |     1 ||     5
       Shaft Self        |       |     1 |       |     1 |       ||     2
  Use: Scroll            |       |       |    19 |     1 |     3 ||    23
       Potion            |       |       |     1 |     8 |       ||     9
  Eat: Chunk             |     1 |     9 |    17 |    25 |     7 ||    59
       Royal jelly       |       |       |       |     2 |       ||     2
       Fruit             |       |       |       |     1 |     1 ||     2
Armor: Scale mail        |    53 |   116 |   130 |   210 |       ||   509
       Gold dragon armou |       |       |       |     4 |   176 ||   180
Dodge: Dodged            |    38 |   106 |   101 |   180 |    35 ||   460
Block: Shield            |    59 |   173 |   219 |   371 |   192 ||  1014
